 Dungeon Crawl Stone Soup version 0.22.0-49-gab54619 (webtiles) character file.

649 Gremour the Slasher (level 7, -1/57 HPs)
             Began as a Pale Draconian Monk on Sept 6, 2018.
             Slain by an ogre
             ... wielding a +0 giant spiked club
              (16 damage)
             ... on level 5 of the Dungeon.
             The game lasted 00:22:23 (4838 turns).

Gremour the Slasher (Pale Draconian Monk)           Turns: 4838, Time: 00:22:24

Health: -1/57      AC:  6    Str: 13    XL:     7   Next: 28%
Magic:  10/10      EV: 13    Int: 11    God:
Gold:   206        SH:  0    Dex: 15    Spells: 10/10 levels left

rFire    . . .     SeeInvis .   a - +0 falchion
rCold    . . .     Gourm    .   (no shield)
rNeg     . . .     Faith    .   (armour unavailable)
rPois    .         Spirit   .   (helmet restricted)
rElec    .         Reflect  .   (no cloak)
rCorr    +         Harm     .   (no gloves)
MR       .....                  (no boots)
Stlth    ++........             t - amulet of the acrobat
HPRegen  0.19/turn              z - ring of resist corrosion
MPRegen  0.12/turn              (no ring)

@: no status effects
A: breathe steam, unfitting armour, cold-blooded, AC +6
a: Breathe Steam


You were on level 5 of the Dungeon.
You were hungry.

You visited 1 branch of the dungeon, and saw 5 of its levels.
You also visited: Sewer.

You collected 206 gold pieces.

Inventory:

Hand Weapons
 a - a +0 falchion (weapon)
Missiles
 m - 8 tomahawks (quivered)
Jewellery
 t - an amulet of the acrobat (around neck)
 v - an uncursed amulet of harm
 z - a ring of resist corrosion (left hand)
Wands
 r - a wand of paralysis (12)
 y - a wand of polymorph (16)
Scrolls
 c - 13 scrolls of identify {unknown}
 f - a scroll of random uselessness {unknown}
 h - 5 scrolls of teleportation {unknown}
 j - a scroll of noise {unknown}
 k - 6 scrolls of amnesia {unknown}
 n - a scroll of remove curse {unknown}
 q - 2 scrolls of enchant weapon {unknown}
 s - a scroll of fog {unknown}
 u - 2 scrolls of blinking {unknown}
 w - 2 scrolls of enchant armour {unknown}
Potions
 d - 3 potions of heal wounds
 e - 2 potions of agility {unknown}
 g - a potion of magic {unknown}
 i - a potion of mutation {unknown}
 l - 3 potions of flight
 o - a potion of haste {unknown}
 p - 4 potions of brilliance {unknown}
 x - a potion of curing
 A - a potion of resistance {unknown}
Comestibles
 b - 7 rations
 B - 2 chunks of flesh


   Skills:
 - Level 3.2 Fighting
 * Level 7.3 Long Blades
 - Level 2.6 Dodging
 * Level 3.5 Stealth
 * Level 2.2 Spellcasting


You had 10 spell levels left.
You didn't know any spells.
Your spell library was empty.

Dungeon Overview and Level Annotations

Branches:
Dungeon (5/15)
 Temple: D:4-7

Altars:
Cheibriados
Nemelex Xobeh
Ru
Yredelemnul
Zin


Innate Abilities, Weirdness & Mutations

You can breathe blasts of scalding, opaque steam.
Your pale cyan-grey scales are hard. (AC +6)
You cannot fit into any form of body armour.
You are cold-blooded and may be slowed by cold attacks.


Message History

You tail-slap the ogre, but do no damage.
The ogre is moderately wounded.
You barely miss the ogre.
The ogre is moderately wounded.
The ogre hits you with a giant spiked club!!
Ouch! That really hurt!
You hit the ogre.
You tail-slap the ogre, but do no damage.
The ogre is heavily wounded.
A water moccasin skeleton comes into view.
You barely miss the ogre.
The ogre is heavily wounded.
The ogre hits you with a giant spiked club.
The hound bites you but does no damage.
You closely miss the ogre.
The ogre is heavily wounded.
The hound bites you.
* * * LOW HITPOINT WARNING * * *
The ogre hits you with a giant spiked club!
You die...

#...##.###.##..#
..............####
.##...#.# #.#..รท..#
....#.#.###....##..#
#.#.......<..###
.... ...........###
#... .?..........###
#. #...............
##....#@##.......
......Oh##.......
.............#..#
........#.#......
......###+#####..
.....# .Z... .....


You could see an ogre, a hound and a water moccasin skeleton (wandering).

Vanquished Creatures
  An ogre (D:4)
  2 big kobolds (Sewer)
  A scorpion (D:4)
  3 orc priests
  2 orc wizards (D:4)
  3 gnolls (D:3)
  7 adders
  2 river rats (Sewer)
  2 oozes
  2 worms (D:3)
  4 dart slugs
  4 leopard geckos
  4 orcs (D:3)
  5 bats
  2 giant cockroaches
  5 goblins
  3 hobgoblins
  3 jackals (D:1)
  3 quokkas
  4 ball pythons
  14 frilled lizards
  A jackal skeleton (D:4)
  18 kobolds
  A leopard gecko skeleton (D:4)
  32 rats
128 creatures vanquished.

Notes
Turn   | Place    | Note
-------+----------+-------------------------------------------
     0 | D:1      | Gremour the Draconian Monk began the quest for the Orb.
     0 | D:1      | Reached XP level 1. HP: 19/19 MP: 1/1
   180 | D:1      | Reached XP level 2. HP: 26/26 MP: 2/2
   799 | D:2      | Reached XP level 3. HP: 24/31 MP: 3/3
  1050 | D:2      | Reached skill level 4 in Long Blades
  1597 | D:2      | Reached skill level 1 in Spellcasting
  1764 | D:3      | Found a glowing drain.
  1785 | D:3      | Reached XP level 4. HP: 34/38 MP: 5/5
  1812 | Sewer    | Entered a sewer
  1848 | Sewer    | Noticed a big kobold
  1888 | Sewer    | Killed a big kobold
  1888 | Sewer    | Reached skill level 5 in Long Blades
  1888 | Sewer    | Reached XP level 5. HP: 22/45 MP: 6/6
  2513 | Sewer    | Reached XP level 6. HP: 17/51 MP: 8/8
  2988 | D:3      | Reached skill level 6 in Long Blades
  3454 | D:3      | Found a glowing silver altar of Zin.
  4269 | D:4      | Reached skill level 7 in Long Blades
  4269 | D:4      | Your scales start taking on a pale cyan-grey colour.
  4269 | D:4      | Reached XP level 7. HP: 27/57 MP: 10/10
  4653 | D:4      | Found a sparkling altar of Nemelex Xobeh.
  4708 | D:4      | Found a sacrificial altar of Ru.
  4757 | D:4      | Found a basalt altar of Yredelemnul.
  4764 | D:4      | Found a snail-covered altar of Cheibriados.
  4813 | D:5      | Entered Level 5 of the Dungeon
  4838 | D:5      | Slain by an ogre

Skill      XL: |  1  2  3  4  5  6 |
---------------+-------------------+-----
Stealth        | 2 3 |  3.5
Long Blades    | 4 5 7 |  7.3
Spellcasting   | 1 2 |  2.2
Fighting       | |  3.2
Dodging        | |  2.6

Action                   |  1- 3 |  4- 6 |  7- 9 || total
-------------------------+-------+-------+-------++-------
Melee: Falchion          |   125 |   280 |    38 ||   443
       Tailslap          |    10 |    40 |     9 ||    59
Throw: Tomahawk          |     2 |       |       ||     2
  Use: Potion            |       |     7 |       ||     7
 Stab: Sleeping          |     3 |     4 |     1 ||     8
  Eat: Chunk             |     3 |     6 |       ||     9
       Ration            |       |     1 |       ||     1
Armor: Skin              |    37 |    98 |     3 ||   138
Dodge: Dodged            |    93 |   251 |    21 ||   365
       Rpst.: Falchion   |    26 |    74 |     5 ||   105
